Map: Orbital Shipyard

Players

Miszu - Winner!

  • Race: Terran Terran
  • League: Master

IIIIIIIIIIII (TeebuL)

  • Race: Protoss Protoss
  • League: Grandmaster

VOD

Have the link to the VOD?

Description

Time

  • Played on: March 18, 2016, 3:39 p.m.
  • Length: 12:29
Show
View Real Time Build Order
Export as new Build Order

Miszu Terran - Winner!

Build Orders: Command Center First (CC), MMM Bio 

Get SALT Encoding   

  12  0:01  SCV  
  13  0:13  SCV  
  14  0:18  Supply Depot  
  14  0:26  SCV  
  15  0:40  SCV  
  16  0:52  SCV  
  17  1:00  Command Center  
  17  1:04  SCV  
  18  1:16  SCV  
  18  1:17  Barracks  
  19  1:28  SCV  
  20  1:35  Barracks  
  20  1:40  SCV  
  21  1:53  SCV  
  22  1:54  Barracks  
  22  2:05  Marine, Orbital Command  
  23  2:21  Marine, Orbital Command  
  24  2:23  Marine  
  25  2:31  SCV  
  25  2:34  Refinery  
  25  2:35  Refinery  
  26  2:39  Marine  
  26  2:41  Marine  
  26  2:43  Supply Depot, Marine  
  29  2:45  SCV  
  29  2:47  SCV  
  31  2:57  Marine, SCV  
  33  2:59  Marine, SCV  
  33  3:01  Marine  
  36  3:09  SCV  
  36  3:11  SCV  
  36  3:28  Marine, SCV  
  36  3:29  Marine, Barracks Tech Lab  
  36  3:30  SCV  
  36  3:32  Supply Depot  
  40  3:40  SCV  
  41  3:42  Factory, SCV  
  41  3:43  Engineering Bay  
  41  3:48  Refinery  
  42  3:49  Supply Depot  
  42  3:52  SCV  
  42  3:54  SCV  
  45  3:59  Barracks Tech Lab  
  45  4:01  Stimpack  
  45  4:02  Barracks Reactor  
  44  4:04  SCV  
  44  4:06  SCV  
  46  4:16  SCV  
  47  4:18  SCV  
  47  4:20  Supply Depot  
  48  4:27  Starport  
  48  4:28  SCV, Factory Reactor  
  48  4:30  SCV  
  50  4:34  Supply Depot  
  50  4:35  Marauder  
  52  4:40  SCV  
  52  4:42  SCV, Combat Shields  
  52  4:44  Marine x2  
  56  4:52  Terran Infantry Weapons Level 1, SCV  
  56  4:54  SCV  
  56  4:58  Marauder  
  60  5:02  Marine  
  61  5:08  Liberator  
  61  5:11  Missile Turret  
  61  5:12  Missile Turret  
  61  5:14  Command Center  
  61  5:17  Liberator  
  61  5:18  SCV x2  
  67  5:29  Refinery  
  67  5:30  SCV  
  67  5:31  Supply Depot, Marine x2, SCV  
  72  5:43  Barracks, SCV x2  
  72  5:44  Barracks  
  74  5:51  Marine x2  
  74  5:53  Marauder  
  74  5:54  Marauder  
  74  5:55  SCV x2  
  82  6:01  Supply Depot  
  82  6:04  Concussive Shells  
  82  6:07  SCV x2  
  82  6:10  Medivac  
  86  6:21  Supply Depot  
  86  6:22  Medivac  
  86  6:23  SCV x2  
  90  6:27  Fusion Core  
  90  6:29  Orbital Command  
  90  6:33  Starport  
  90  6:34  Barracks Reactor, Barracks Tech Lab  
  90  6:35  Marine x2, SCV x2  
  90  6:36  Marine  
  95  6:44  Supply Depot  
  95  6:47  SCV x2  
  95  6:49  Orbital Command  
  95  6:50  Marauder  
  95  6:53  Marine  
  95  6:54  Medivac  
  102  6:55  Medivac  
  102  6:56  Marine x2  
  102  6:59  SCV x2  
  108  7:03  Supply Depot  
  108  7:05  Marauder  
  108  7:07  Supply Depot  
  110  7:10  Marine  
  110  7:14  SCV x3  
  114  7:17  Marauder  
  114  7:20  Liberator x2  
  116  7:26  SCV x3  
  119  7:30  Marine x2, Marauder x2  
  119  7:35  Starport Tech Lab  
  125  7:38  SCV  
  125  7:40  Refinery  
  125  7:43  Refinery  
  132  7:49  Marauder  
  132  7:51  Marine, Marauder  
  135  7:52  Marauder  
  135  7:57  Marine  
  135  7:58  Advanced Ballistics  
  140  7:59  Marine  
  141  8:18  Marine  
  140  8:20  Marauder x2  
  141  8:30  Barracks  
  141  8:32  Barracks  
  141  8:33  Barracks  
  141  8:40  Marine  
  141  8:52  Command Center  
  141  8:54  Supply Depot  
  141  8:55  Marine x4, Marauder, SCV  
  148  8:57  Supply Depot  
  148  8:58  Supply Depot, Marine  
  148  9:02  Liberator x2  
  149  9:03  Liberator  
  149  9:12  Engineering Bay  
  149  9:14  Armory  
  149  9:15  Marine x4  
  149  9:16  Marine, Marauder  
  156  9:19  Marauder  
  167  9:27  Barracks Reactor, Barracks Tech Lab x2  
  167  9:32  Supply Depot  
  167  9:33  Supply Depot, Marine  
  167  9:34  Supply Depot, Marauder  
  167  9:36  Marine  
  167  9:37  Marauder  
  173  9:44  Liberator x2  
  173  9:46  Liberator  
  173  9:49  Marine  
  173  9:53  Marine, Marauder x2  
  177  10:00  Marine, Marauder  
  177  10:01  Marauder x2  
  193  10:15  Marauder x2  
  193  10:18  Marine  
  198  10:21  Marauder  
  198  10:27  Marine, Marauder x2, Liberator x2  
  198  10:28  Marine x4, Liberator  
  196  10:31  SCV  
  180  10:36  Marine, Marauder x2  
  180  10:42  Marine  
  171  10:45  Marine x2  
  171  10:46  Marine x3  
  171  10:48  Marine  
  171  10:49  Marauder  
  175  10:54  Marine  
  172  11:02  SCV  
  172  11:03  SCV x2  
  179  11:10  Liberator x2  
  179  11:11  Liberator  
  179  11:15  SCV x2  
  179  11:16  SCV  
  178  11:19  Planetary Fortress  
  178  11:24  Marine x2  
  180  11:27  SCV x2  
  180  11:28  SCV  
  180  11:31  Marine  
  180  11:32  Marine, Marauder  
  194  11:39  SCV x2  
  191  11:46  Marine  
  194  11:47  Marauder  
  194  11:48  Marine  
  194  11:49  Marauder  
  194  11:51  Marine  
  194  11:52  Marauder  
Show
View Real Time Build Order
Export as new Build Order

IIIIIIIIIIII Protoss 

Build Orders: 1 Gate Expand, Double Forge 

Get SALT Encoding   

  12  0:01  Probe (Chrono Boost)  
  13  0:11  Probe (Chrono Boost)  
  14  0:16  Pylon  
  14  0:22  Probe (Chrono Boost)  
  15  0:35  Probe (Chrono Boost)  
  16  0:36  Gateway  
  16  0:44  Assimilator  
  16  0:46  Probe (Chrono Boost)  
  17  0:56  Probe (Chrono Boost)  
  18  1:07  Probe (Chrono Boost)  
  19  1:19  Nexus  
  19  1:23  Probe (Chrono Boost)  
  20  1:31  Cybernetics Core  
  20  1:36  Probe (Chrono Boost)  
  21  1:41  Assimilator  
  21  1:47  Pylon  
  21  1:51  Probe (Chrono Boost)  
  22  2:01  Probe (Chrono Boost)  
  22  2:08  Adept (Chrono Boost), Warp Gate  
  25  2:12  Probe  
  26  2:25  Mothership Core (Chrono Boost)  
  28  2:31  Probe (Chrono Boost)  
  29  2:42  Probe (Chrono Boost)  
  31  2:44  Probe (Chrono Boost)  
  31  2:48  Nexus  
  31  2:52  Probe (Chrono Boost)  
  31  2:54  Probe (Chrono Boost)  
  31  2:56  Sentry  
  35  3:03  Probe (Chrono Boost)  
  35  3:05  Probe (Chrono Boost)  
  37  3:13  Probe (Chrono Boost)  
  37  3:15  Probe (Chrono Boost)  
  39  3:22  Pylon  
  39  3:24  Probe (Chrono Boost)  
  39  3:26  Probe (Chrono Boost)  
  39  3:30  Pylon  
  39  3:35  Sentry, Probe (Chrono Boost)  
  39  3:36  Probe (Chrono Boost)  
  43  3:44  Gateway  
  43  3:45  Gateway, Probe (Chrono Boost)  
  43  3:47  Probe (Chrono Boost)  
  45  3:54  Assimilator  
  45  3:56  Assimilator  
  45  3:57  Probe (Chrono Boost)  
  45  3:58  Probe (Chrono Boost)  
  45  4:01  Twilight Council  
  47  4:05  Probe (Chrono Boost)  
  47  4:08  Probe (Chrono Boost)  
  49  4:12  Probe (Chrono Boost)  
  49  4:16  Probe (Chrono Boost)  
  51  4:19  Probe (Chrono Boost)  
  51  4:20  Pylon  
  52  4:24  Sentry  
  52  4:27  Pylon  
  52  4:29  Probe x2 (Chrono Boost)  
  52  4:30  Probe (Chrono Boost)  
  57  4:31  Robotics Facility  
  57  4:37  Blink (Chrono Boost)  
  57  4:39  Probe  
  57  4:40  Probe  
  57  4:41  Probe  
  60  4:50  Adept  
  60  4:51  Probe  
  60  4:52  Probe x2  
  64  4:58  Forge x2  
  65  5:01  Probe  
  65  5:03  Pylon  
  66  5:09  Probe  
  66  5:10  Probe  
  66  5:12  Probe  
  69  5:17  Adept x3  
  69  5:19  Observer (Chrono Boost)  
  76  5:25  Gateway  
  76  5:26  Gateway  
  76  5:27  Gateway  
  76  5:29  Gateway  
  76  5:32  Protoss Ground Weapons Level 1 (Chrono Boost), Pylon  
  76  5:33  Protoss Ground Armor Level 1 (Chrono Boost)  
  76  5:37  Pylon  
  76  5:40  Observer  
  77  5:47  Probe  
  77  5:48  Probe  
  79  5:51  Probe  
  80  5:58  Adept  
  80  5:59  Adept x2  
  80  6:01  Probe  
  87  6:04  Assimilator  
  87  6:09  Immortal, Assimilator  
  91  6:11  Pylon  
  91  6:12  Photon Cannon  
  91  6:15  Pylon  
  91  6:18  Probe  
  91  6:19  Probe x2  
  94  6:25  Stalker  
  94  6:26  Stalker x4  
  94  6:28  Adept  
  94  6:29  Sentry  
  94  6:32  Resonating Glaives (Chrono Boost)  
  108  6:37  Pylon  
  108  6:48  Immortal  
  108  6:49  Gateway  
  108  6:53  Templar Archives  
  112  6:57  Photon Cannon  
  112  6:59  Stalker x3  
  118  7:05  Stalker x2  
  118  7:07  Stalker  
  124  7:16  Photon Cannon  
  124  7:22  Psionic Storm  
  124  7:25  Stalker x4  
  124  7:26  Protoss Ground Weapons Level 2 (Chrono Boost)  
  124  7:29  Protoss Ground Armor Level 2 (Chrono Boost)  
  131  7:40  Pylon  
  131  7:42  Pylon  
  131  7:44  High Templar  
  131  7:45  Pylon  
  131  7:46  Warp Prism  
  133  7:58  Nexus  
  133  8:01  Pylon  
  133  8:02  High Templar x2  
  137  8:08  Pylon  
  137  8:12  Adept x3  
  141  8:13  Adept  
  139  8:26  Stalker x2  
  129  8:33  Stalker x4  
  137  8:42  Stalker x2  
  141  8:55  Stalker x2  
  145  9:00  Photon Cannon  
  145  9:04  Assimilator  
  145  9:08  Stargate  
  145  9:09  Stargate, Assimilator  
  145  9:13  Stalker x2  
  145  9:14  Stalker x2  
  145  9:16  Stalker  
  155  9:18  Pylon  
  155  9:25  Pylon  
  155  9:29  Protoss Ground Weapons Level 3 (Chrono Boost), Pylon  
  152  9:37  Probe x4 (Chrono Boost)  
  151  9:47  Protoss Ground Armor Level 3  
  151  9:49  Probe x2 (Chrono Boost)  
  151  9:51  Probe (Chrono Boost)  
  153  9:54  Phoenix x2  
  153  9:57  Stalker x2  
  161  10:00  Adept x3  
  161  10:01  Adept  
  169  10:11  Pylon  
  169  10:16  High Templar  
  169  10:17  Adept  
  171  10:25  Probe x2 (Chrono Boost)  
  171  10:26  Probe (Chrono Boost)  
  148  10:39  Stalker x3  
  148  10:40  Stalker x4  
  112  10:50  Adept  
  106  11:03  Fleet Beacon  
  104  11:07  Sentry x2  
  104  11:08  High Templar  
  107  11:16  High Templar  
  109  11:20  Pylon  
  109  11:24  High Templar  
  111  11:31  Stalker x3  
  115  11:41  Adept x3  
  115  11:43  Nexus  
  115  11:44  Pylon  
  115  11:45  Pylon  
  121  11:50  Stalker  
  123  11:54  Adept x2  
Tags
 
Add a new tag
Caveats
  • Supply blocks, unpowered buildings, or Contaminate may cause inaccurate times.
  • Supply counts are checked every 10 seconds.